 Dungeon Crawl Stone Soup version 0.21-a0-277-geaec956 (webtiles) character file.

3957 MirrMurr the Slicer (level 10, -12/96 HPs)
             Began as a Kobold Berserker on Sept 20, 2017.
             Was a Priest of Trog.
             Mangled by a sun demon (15 damage)
             ... summoned by an orc sorcerer
             ... on level 7 of the Dungeon.
             The game lasted 00:19:36 (6614 turns).

MirrMurr the Slicer (Kobold Berserker)              Turns: 6614, Time: 00:19:37

Health: -12/96     AC: 15    Str: 23    XL:     10   Next: 45%
Magic:  10/10      EV: 12    Int:  8    God:    Trog [***...]
Gold:   433        SH:  5    Dex: 15    Spells: 9/9 levels left

rFire    . . .     SeeInvis +   a - +0 dagger (venom)
rCold    . . .     Gourm    .   k - +1 buckler
rNeg     . . .     Faith    .   s - +0 plate armour
rPois    .         Spirit   .   J - +1 hat {SInv}
rElec    .         Reflect  .   M - +2 cloak
rCorr    .         Harm     .   (no gloves)
MR       ++...                  (no boots)
Stlth    ..........             I - amulet of regeneration
HPRegen  1.66/turn              (no ring)
MPRegen  0.12/turn              (no ring)

@: berserking (expiring), regenerating, very quick
A: carnivore 3
a: Berserk, Trog's Hand, Burn Spellbooks, Renounce Religion


You were on level 7 of the Dungeon.
You worshipped Trog.
Trog was most pleased with you.
You were very full.

You visited 2 branches of the dungeon, and saw 8 of its levels.

You collected 433 gold pieces.

Inventory:

Hand Weapons
 a - a +0 dagger of venom (weapon)
 r - a +0 scimitar of holy wrath
 z - a +1 falchion
Missiles
 f - 17 sling bullets
 l - 186 stones
 p - 45 bolts
 x - 5 tomahawks (quivered)
 y - 34 poisoned needles
Armour
 k - a +1 buckler (worn)
 s - a +0 plate armour (worn)
 F - a +0 shield
 J - a +1 hat of see invisible (worn)
 M - a +2 cloak (worn)
Jewellery
 q - an uncursed ring of fire {unknown}
 A - an uncursed ring of see invisible
 I - an amulet of regeneration (around neck)
Wands
 v - a wand of lightning (9/15)
 L - a wand of disintegration (1/24)
Scrolls
 b - a scroll of immolation
 d - 2 scrolls of magic mapping
 j - 2 scrolls of enchant weapon
 G - a scroll of fog
Potions
 e - a potion of invisibility {unknown}
 g - 3 potions of heal wounds
 h - a potion of curing {unknown}
 o - 2 potions of degeneration {unknown}
 B - 2 potions of mutation {unknown}
 C - 2 potions of lignification {unknown}
 D - a potion of agility {unknown}
 K - a potion of brilliance {unknown}
Books
 i - a book of Necromancy

   Spells                             Type                      Level
   a - Pain                           Necromancy                   1
   b - Animate Skeleton               Necromancy                   1
   c - Vampiric Draining              Necromancy                   3
   d - Regeneration                   Charms/Necromancy            3
   e - Animate Dead                   Necromancy                   4
   f - Control Undead                 Necromancy                   4
   Trog disapproves of the use of such an item.
Comestibles
 c - 2 meat rations
 m - 6 royal jellies
 n - a chunk of flesh


   Skills:
 + Level 7.9 Fighting
 * Level 12.5 Short Blades
 + Level 2.7 Armour
 - Level 7.2 Dodging
 + Level 8.6 Stealth


You had 9 spell levels left.
You didn't know any spells.

Dungeon Overview and Level Annotations

Branches:
Dungeon (7/15)             Temple (1/1) D:5

Altars:
Dithmenos
Gozag
Hepliaklqana
Uskayaw
Vehumet
Xom
Zin


Innate Abilities, Weirdness & Mutations

You are small and have problems with some larger weapons.
You are carnivorous and can eat meat at any time.


Message History

You block the sun demon's attack.
The orc sorcerer points at you and mumbles some strange words.
The bolt of fire hits you!
* * * LOW HITPOINT WARNING * * *
A sky beast comes into view.
You barely miss the wizard. The wizard hits you but does no damage.
You closely miss the wizard. The sun demon closely misses you.
You hit the wizard.
The wizard is lightly wounded.
The orc sorcerer casts a spell at you. The bolt of negative energy misses you.
You puncture the wizard!
The wizard is poisoned.
The wizard is moderately wounded.
The wizard hits you but does no damage.
You closely miss the wizard.
The wizard is moderately wounded.
The sun demon hits you!
* * * LOW HITPOINT WARNING * * *
You are engulfed in flames!
You die...

..#........# ##)# ..
.##...>....####..####### ...
...........#.[.........
...######...#####........#####
........................####
≈≈≈≈≈....Y...###............
#.##≈≈..###..##..#......####
##≈..# #..p..##......# #p.$#
##.@####..[...# o[..p...#
#o3)###......# =..o#≈.##
#.#)#........# ...##≈.
#.#.#.###.#### #.# ≈≈.
#.#.#.###.# ≈≈ ≈≈..
#.....##..###### ....#
##.....#....#...### .####
##...........#_..'.#
#............#...#.#


You could see a sun demon, a wizard, an orc sorcerer and a sky beast.

Vanquished Creatures
  A two-headed ogre (D:6)
  2 wizards (D:7)
  Prince Ribbit (D:6)
  An ice beast (D:5)
  Duvessa (D:5)
  A sky beast (D:6)
  A black bear (D:6)
  3 orc warriors
  An ogre (D:5)
  A phantom (D:7)
  2 centaurs
  A bullfrog (D:7)
  Dowan (D:5)
  A scorpion (D:6)
  A howler monkey (D:6)
  A crimson imp (D:6)
  2 jellies (D:6)
  Crazy Yiuf (D:5)
  6 orc priests
  Terence (D:2)
  9 orc wizards
  6 worker ants
  A hound zombie (D:6)
  4 gnolls (D:4)
  5 adders
  An ooze (D:6)
  An adder skeleton (D:6)
  A worm (D:3)
  3 dart slugs
  2 leopard geckos
  26 orcs
  A ball python (D:1)
  6 giant cockroaches
  4 goblins
  6 hobgoblins
  4 jackals (D:3)
  4 quokkas
  6 bats
  3 frilled lizards
  9 kobolds
  A leopard gecko zombie (D:5)
  A quokka zombie (D:5)
  8 rats
142 creatures vanquished.

Vanquished Creatures (others)
  An iguana (D:5)
  A goblin (D:5)
2 creatures vanquished.

Grand Total: 144 creatures vanquished

Notes
Turn   | Place    | Note
-------+----------+-------------------------------------------
     0 | D:1      | MirrMurr the Kobold Berserker began the quest for the Orb.
     0 | D:1      | Reached XP level 1. HP: 14/14 MP: 1/1
   372 | D:1      | Reached XP level 2. HP: 13/19 MP: 2/2
   711 | D:1      | Reached skill level 1 in Stealth
  1106 | D:2      | Reached XP level 3. HP: 23/23 MP: 3/3
  1442 | D:2      | Noticed Terence
  1450 | D:2      | Killed Terence
  1450 | D:2      | Reached skill level 5 in Short Blades
  1450 | D:2      | Reached XP level 4. HP: 29/29 MP: 4/4
  1745 | D:2      | Found a glowing silver altar of Zin.
  1745 | D:2      | Noticed an angel
  1774 | D:2      | Found a radiant altar of Vehumet.
  2025 | D:3      | Reached ** piety under Trog
  2251 | D:3      | Reached XP level 5. HP: 29/33 MP: 5/5
  2496 | D:3      | Reached skill level 6 in Short Blades
  2859 | D:4      | Reached XP level 6. HP: 38/38 MP: 6/6
  3207 | D:4      | Found a shimmering altar of Xom.
  3209 | D:4      | Found a shimmering altar of Xom.
  3701 | D:5      | Entered Level 5 of the Dungeon
  3726 | D:5      | Reached skill level 7 in Short Blades
  3726 | D:5      | Reached XP level 7. HP: 44/44 MP: 7/7
  3840 | D:5      | Noticed Dowan
  3842 | D:5      | Noticed Duvessa
  3944 | D:5      | Reached skill level 5 in Fighting
  4221 | D:5      | Found a hazy altar of Hepliaklqana.
  4483 | D:5      | Found a runed door.
  4529 | D:5      | Found a staircase to the Ecumenical Temple.
  4538 | Temple   | Entered the Ecumenical Temple
  4672 | D:5      | Reached skill level 8 in Short Blades
  4672 | D:5      | Reached XP level 8. HP: 45/49 MP: 6/8
  4686 | D:5      | Killed Duvessa
  4686 | D:5      | Reached skill level 5 in Dodging
  4690 | D:5      | Killed Dowan
  4979 | D:5      | Noticed Crazy Yiuf
  4983 | D:5      | Killed Crazy Yiuf
  4983 | D:5      | Reached skill level 5 in Stealth
  5256 | D:6      | Noticed a two-headed ogre
  5276 | D:6      | Killed a two-headed ogre
  5276 | D:6      | Reached skill level 10 in Short Blades
  5276 | D:6      | Reached XP level 9. HP: 56/56 MP: 9/9
  5332 | D:6      | Reached *** piety under Trog
  5639 | D:6      | Reached skill level 11 in Short Blades
  5787 | D:6      | Found an opulent altar of Gozag.
  5864 | D:6      | Noticed Prince Ribbit
  5884 | D:6      | Killed Prince Ribbit
  6403 | D:7      | Reached XP level 10. HP: 55/63 MP: 10/10
  6499 | D:7      | Found a shadowy altar of Dithmenos.
  6567 | D:7      | Noticed a wizard
  6568 | D:7      | Noticed a wizard
  6568 | D:7      | Noticed a wizard
  6568 | D:7      | Noticed an orc sorcerer
  6597 | D:7      | Noticed a sun demon
  6598 | D:7      | Killed a wizard
  6598 | D:7      | Reached skill level 12 in Short Blades
  6603 | D:7      | Killed a wizard
  6614 | D:7      | HP: 3/96 [sun demon[an orc sorcerer] (16)]
  6614 | D:7      | Mangled by a sun demon

Vault maps used:
D:1:      doesnt_arrival_eight_statues, minivault_11
D:2:      nicolae_overflow_crystal_walls, zin_angel, uniq_terence
D:3:      hex_large
D:4:      grunt_decor_arrowhead, xom_redecorated
D:5:      lemuel_round_altar, lemuel_temple_firewalk_b, first_bread,
          nrook_mini_backslash, uniq_duvessa, uniq_crazy_yiuf_cottage
D:6:      lemuel_doored_altar, uniq_prince_ribbit1
D:7:      cheibrodos_wizards_tower, overflow_temple_1_default,
          grunt_dithmenos_shadows
Temple:   dshaligram_water_room_temple

Skill      XL: |  1  2  3  4  5  6  7  8  9 10 |
---------------+-------------------------------+-----
Stealth        | 1 2 3 4 6 7 8 |  8.6
Short Blades   | 5 6 7 8 10 11 12 | 12.5
Dodging        | 3 4 6 7 |  7.2
Fighting       | 4 5 6 7 |  7.9
Armour         | 2 |  2.7

Action                   |  1- 3 |  4- 6 |  7- 9 | 10-12 || total
-------------------------+-------+-------+-------+-------++-------
Melee: Short sword       |   120 |   226 |   126 |       ||   472
       Dagger            |       |       |   243 |    61 ||   304
       Falchion          |       |       |     6 |       ||     6
Invok: Berserk           |     3 |     5 |    10 |     2 ||    20
       Burn Spellbooks   |       |     1 |       |       ||     1
       Trog's Hand       |       |     1 |     3 |     2 ||     6
  Use: Scroll            |     2 |    12 |     3 |       ||    17
 Stab: Sleeping          |     4 |       |     2 |       ||     6
  Eat: Chunk             |    12 |    12 |    21 |     3 ||    48
Armor: Animal skin       |    15 |       |       |       ||    15
       Scale mail        |       |    54 |    68 |     1 ||   123
       Plate armour      |       |       |       |    14 ||    14
Dodge: Dodged            |    90 |   133 |   122 |    10 ||   355
Block: Buckler           |     8 |    40 |    61 |     5 ||   114
       Rpst.: Falchion   |       |       |     1 |       ||     1

Table legend:
 A = Spawn XP
 B = Non-spawn XP
 C = Spawn XP percentage of total XP
 D = Spawn monster count
 E = Non-spawn monster count
 F = Spawn count percentage of total count
 G = Total turns spent on level
                    A         B        C        D         E        F      G
               +---------+---------+-------+---------+---------+-------+---------
         Total |       0 |    5653 |   0.0 |       0 |     142 |   0.0 |  6614
               +---------+---------+-------+---------+---------+-------+---------
           D:1 |       0 |      28 |   0.0 |       0 |      17 |   0.0 |  1098
           D:2 |       0 |      71 |   0.0 |       0 |      16 |   0.0 |   823
           D:3 |       0 |     141 |   0.0 |       0 |      25 |   0.0 |   824
           D:4 |       0 |     259 |   0.0 |       0 |      17 |   0.0 |   991
           D:5 |       0 |     785 |   0.0 |       0 |      19 |   0.0 |  1409
           D:6 |       0 |    2512 |   0.0 |       0 |      39 |   0.0 |  1144
           D:7 |       0 |    1857 |   0.0 |       0 |       9 |   0.0 |   323
               +---------+---------+-------+---------+---------+-------+---------
